 Dungeon Crawl Stone Soup version 0.19-a0-76-g295c512 (webtiles) character file.

9 Duffy the Skirmisher (level 2, 16/24 HPs)
             Began as a Demonspawn Fighter on May 12, 2016.
             Quit the game on level 1 of the Dungeon.
             The game lasted 00:00:17 (244 turns).

Duffy the Skirmisher (Demonspawn Fighter)            Turns: 244, Time: 00:00:17

Health: 16/24      AC:  6    Str: 16    XL:     2   Next: 3%
Magic:  2/2        EV:  6    Int:  9    God:
Gold:   30         SH:  8    Dex: 12    Spells: 0 memorised, 1 level left

rFire  . . .     SeeInvis .     a - +0 war axe
rCold  . . .     Gourm    .     b - +0 scale mail
rNeg   . . .     Faith    .     c - +0 shield
rPois  .         Spirit   .     (no helmet)
rElec  .         Dismiss  .     (no cloak)
rCorr  .         Reflect  .     (no gloves)
SustAt .         Harm     .     (no boots)
MR     .....                    (no amulet)
Stlth  ..........               (no ring)
                                (no ring)

@: not resistant to hostile enchantments, extremely unstealthy
A: demonic guardian 1
a: no special abilities


You were on level 1 of the Dungeon.
You were not hungry.

You visited 1 branch of the dungeon, and saw 1 of its levels.

You collected 30 gold pieces.


Innate Abilities, Weirdness & Mutations

A weak demonic guardian rushes to your aid.


   Skills:
 - Level 3.0 Fighting
 + Level 2.5 Axes
 - Level 2.6 Armour
 - Level 2.6 Shields


You had one spell level left.
You didn't know any spells.

Inventory:

Hand Weapons
 a - a +0 war axe (weapon)
Armour
 b - a +0 scale mail (worn)
 c - a +0 shield (worn)
Scrolls
 e - a scroll of identify {unknown}
Potions
 d - a potion of might
Comestibles
 f - a bread ration
 g - a beef jerky

Dungeon Overview and Level Annotations

Branches:
Dungeon (1/15)

Altars:


Message History

The hobgoblin is moderately wounded.
You block the hobgoblin's attack.
The kobold throws a stone.
The stone barely misses you. The hobgoblin completely misses you.
You closely miss the hobgoblin.
The hobgoblin is moderately wounded.
You block the hobgoblin's attack.
You closely miss the hobgoblin.
The hobgoblin is moderately wounded.
You barely miss the kobold. You block the kobold's attack.
The hobgoblin hits you but does no damage.
The kobold hits you but does no damage.
You hit the hobgoblin.
The hobgoblin is severely wounded.
You hit the kobold but do no damage. The hobgoblin barely misses you.
You block the kobold's attack.
The hobgoblin hits you but does no damage.
You slash the hobgoblin!
You kill the hobgoblin!
You closely miss the kobold. You block the kobold's attack.
The kobold hits you with a short sword.
You closely miss the kobold. You hit the kobold but do no damage.
The kobold barely misses you. The kobold closely misses you.
You block the kobold's attack. x2
You closely miss the kobold. You hit the kobold but do no damage.
You block the kobold's attack. x2
You hit the kobold.
You kill the kobold!
You hit the kobold.
The kobold is moderately wounded.
You block the kobold's attack.
You barely miss the kobold.
The kobold is moderately wounded.
The kobold hits you with a short sword. x2
Your shield and scale mail prevent you from hitting the kobold.
The kobold is moderately wounded.
The kobold hits you but does no damage.
You hit the kobold.
The kobold is severely wounded.
The kobold hits you with a short sword. The kobold hits you but does no damage.
You closely miss the kobold.
The kobold is severely wounded.
The kobold hits you but does no damage.
You hit the kobold.
You kill the kobold!
You have reached level 2!
Your demonic ancestry asserts itself...
You feel the presence of a demonic guardian.
Things that are here:
a short sword; 3 stones Are you sure you want to abandon this character and quit the game? (Confirm with "yes".)

.# ####.# .#
#.# ## #.#
#.# #.#
#.####
#.(..#
#######(##.#
......(@# #
...........#
........####
........#
........#
........#
........#
........#


There were no monsters in sight!

Action                   || total
-------------------------++-------
Melee: War axe           ||    30
Armor: Scale mail        ||    19
Dodge: Dodged            ||     9
Block: Shield            ||    29

Notes
Turn   | Place    | Note
--------------------------------------------------------------
     0 | D:1      | Duffy the Demonspawn Fighter began the quest for the Orb.
     0 | D:1      | Reached XP level 1. HP: 18/18 MP: 1/1
    62 | D:1      | Reached skill level 2 in Axes
   242 | D:1      | Gained mutation: A weak demonic guardian rushes to your aid. [demonic ancestry]
   242 | D:1      | Reached XP level 2. HP: 16/24 MP: 2/2
   244 | D:1      | Quit the game

Skill      XL: |  1 |
---------------+----+-----
Axes           | 2 |  2.5
Fighting       | |  3.0
Armour         | |  2.6
Shields        | |  2.6

Vault maps used:
D:1:      minmay_arrival_three_doors

Vanquished Creatures
  A dart slug
  A ball python
  A hobgoblin
  A bat
  2 kobolds
  A rat
7 creatures vanquished.
